 Dungeon Crawl Stone Soup version 0.26.1-10-gdfb7c7de75 (webtiles) character file.

Game seed: 2371905095011012538

2 Almogavar the Magician (level 1, 0/13 HPs)
             Began as a Gnoll Wanderer on Apr 1, 2021.
             Slain by an ooze (1 damage)
             ... on level 1 of the Dungeon.
             The game lasted 00:01:10 (34 turns).

Almogavar the Magician (Gnoll Wanderer)               Turns: 34, Time: 00:01:10

Health: 0/13       AC:  2    Str: 11    XL:     1   Next: 30%
Magic:  8/8        EV: 11    Int: 16    God:
Gold:   0          SH:  0    Dex: 15    Spells: 14/14 levels left

rFire    . . .     SeeInvis .   a - +0 dagger
rCold    . . .     Faith    .   (no shield)
rNeg     . . .     Spirit   .   d - +0 robe
rPois    .         Reflect  .   (no helmet)
rElec    .         Harm     .   (no cloak)
rCorr    .         Rampage  .   (no gloves)
Will     .....                  (no boots)
Stlth    +.........             (no amulet)
HPRegen  0.04/turn              (no ring)
MPRegen  0.11/turn              (no ring)

@: no status effects
A: distributed training, fangs 1, strong nose
a: no special abilities


You were on level 1 of the Dungeon.
You visited 1 branch of the dungeon, and saw 1 of its levels.

Inventory:

Hand Weapons
 a - a +0 dagger (weapon)
Armour
 d - a +0 robe (worn)
Potions
 c - a potion of lignification


   Skills:
 + Level 0.0 Fighting
 + Level 0.0 Short Blades
 + Level 0.0 Long Blades
 + Level 0.0 Axes
 + Level 0.0 Maces & Flails
 + Level 0.0 Polearms
 + Level 0.0 Staves
 + Level 0.0 Slings
 + Level 0.0 Bows
 + Level 0.0 Crossbows
 + Level 0.0 Throwing
 + Level 0.0 Armour
 + Level 0.0 Dodging
 + Level 0.0 Stealth
 + Level 2.3 Shields
 + Level 0.0 Unarmed Combat
 + Level 7.0 Spellcasting
 + Level 0.0 Conjurations
 + Level 0.0 Hexes
 + Level 0.0 Summonings
 + Level 0.0 Necromancy
 + Level 0.0 Translocations
 + Level 1.9 Transmutations
 + Level 0.0 Fire Magic
 + Level 3.6 Ice Magic
 + Level 0.0 Air Magic
 + Level 0.0 Earth Magic
 + Level 3.6 Poison Magic
 + Level 0.1 Invocations
 + Level 2.3 Evocations


You had 14 spell levels left.
You didn't know any spells.
Your spell library contained the following spells:

 Spells                   Type           Power        Failure   Level
 Sting                    Tmut/Pois      56%          4%          1
 Poisonous Vapours        Pois/Air       22%          9%          2
 Foxfire                  Conj/Fire      20%          12%         1
 Ignite Poison            Fire/Tmut/Pois 11%          17%         3
 Mephitic Cloud           Conj/Pois/Air  9%           22%         3
 Olgreb's Toxic Radiance  Pois           17%          26%         4
 Conjure Flame            Conj/Fire      5%           36%         3


Dungeon Overview and Level Annotations

Branches:
Dungeon (1/15)

Altars:


Innate Abilities, Weirdness & Mutations

Your experience applies equally to all skills.
You have very sharp teeth.
Your uncanny sense of smell can sniff out nearby items.


Message History

You hit the ooze but do no damage.
The ooze is moderately wounded.
The ooze barely misses you.
You hit the ooze. You bite the ooze.
The ooze is moderately wounded.
The ooze barely misses you.
You hit the ooze.
The ooze is heavily wounded.
The ooze closely misses you.
You hit the ooze but do no damage.
The ooze is heavily wounded.
The ooze hits you.
* * * LOW HITPOINT WARNING * * *
You hit the ooze.
The ooze is severely wounded.
The ooze hits you but does no damage.
You hit the ooze but do no damage.
The ooze is heavily wounded.
The ooze hits you.
You die...

... #.#.#.# ....
....#.### .....
#.#......
.....###........
................
.....#..........
.......r........
..#####J#####!..
..#PPP#@#PPP#..[
..#P⌠P#.#P⌠P#..
#.#PPP#.#PPP#..
..#####.#####...
..+....<....+...
..#####.#####..
..#PPP#.#PPP#..
..#P⌠P#.#P⌠P#..
$.#PPP#.#PPP#..


You could see an ooze and a rat.

Vanquished Creatures
  A goblin (D:1)
  A bat (D:1)
2 creatures vanquished.

Notes
Turn   | Place    | Note
-------+----------+-------------------------------------------
     0 | D:1      | Almogavar the Gnoll Wanderer began the quest for the Orb.
     0 | D:1      | Almogavar set off with the following items: a +0 dagger, a
                  | potion of lignification, a +0 robe; and the following
                  | spells available to memorise: Sting, Poisonous Vapours,
                  | Foxfire, Ignite Poison, Mephitic Cloud, Olgreb's Toxic
                  | Radiance, Conjure Flame
     0 | D:1      | Reached XP level 1. HP: 13/13 MP: 8/8
    34 | D:1      | Slain by an ooze

Illustrated notes

Levels and vault maps discovered:
D:1:      beargit_arrival_greenhouse, layout_rooms

Action                   || total
-------------------------++-------
Melee: Dagger            ||    23
       Bite              ||     1
Armor: Robe              ||    12
Dodge: Dodged            ||    19
